CAL (WIN)
MODESTO NUTS @ STOCKTON PORTS
12/11/2046
 
TOP OF THE 1ST
Modesto Nuts batting - Pitching for Stockton Ports : RHP Dan Rohrbach
Pitching: RHP Dan Rohrbach
Batting: LHB Daniel Green 0-0: Ball
1-0: Ball
2-0: Fly out, F8 (Flyball, 8RXD, EV 109.4 MPH)
Batting: RHB Mike McElroy 0-0: Called Strike
0-1: Called Strike
0-2: Strikes out swinging
Batting: LHB Nick Rooney 0-0: Ball
1-0: Fly out, F7 (Flyball, 78M, EV 92.5 MPH)
Top of the 1st over - 0 runs, 0 hits, 0 errors, 0 left on base; Modesto 0 - Stockton 0
BOTTOM OF THE 1ST
Stockton Ports batting - Pitching for Modesto Nuts : RHP Logan Ramsey
Pitching: RHP Logan Ramsey
Batting: RHB Matt Sherard 0-0: Ground out 4-3 (Groundball, 4, EV 88.1 MPH)
Batting: LHB Tomas Segarra 0-0: Called Strike
0-1: Ball
1-1: Foul Ball, location: 2F
1-2: Fly out, F8 (Flyball, 8RD, EV 103.8 MPH)
Batting: RHB Scott Wiggs 0-0: Foul Ball, location: 2F
0-1: Ball
1-1: Foul Ball, location: 2F
1-2: SINGLE (Groundball, 4MD, EV 93.8 MPH)
Batting: LHB Gregg Power 0-0: Called Strike
0-1: Ball
1-1: Foul Ball, location: 2F
1-2: Fly out, F8 (Flyball, 8LD, EV 105.0 MPH)
Bottom of the 1st over - 0 runs, 1 hit, 0 errors, 1 left on base; Modesto 0 - Stockton 0
TOP OF THE 2ND
Modesto Nuts batting - Pitching for Stockton Ports : RHP Dan Rohrbach
Batting: LHB Paul McClintock 0-0: Ball
1-0: Foul Ball, location: 2F
1-1: Foul Ball, location: 2F
1-2: Ball
2-2: Ground out 5-3 (Groundball, 5, EV 100.6 MPH)
Batting: RHB Seisaburo Edagawa 0-0: Called Strike
0-1: Foul Ball, location: 2F
0-2: Strikes out swinging
Batting: LHB Mick Tucker 0-0: Ball
1-0: Ball
2-0: Called Strike
2-1: Ground out 4-3 (Groundball, 4, EV 83.1 MPH)
Top of the 2nd over - 0 runs, 0 hits, 0 errors, 0 left on base; Modesto 0 - Stockton 0
BOTTOM OF THE 2ND
Stockton Ports batting - Pitching for Modesto Nuts : RHP Logan Ramsey
Batting: LHB Ed Talamantes 0-0: Ball
1-0: Ground out 4-3 (Groundball, 34, EV 80.0 MPH)
Batting: RHB Tetsuya Shinoda 0-0: Called Strike
0-1: Foul Ball, location: 2F
0-2: Ball
1-2: Ground out 6-3 (Groundball, 56D, EV 78.1 MPH)
Batting: LHB Felipe Gomez 0-0: Ball
1-0: Ground out 4-3 (Groundball, 4, EV 106.9 MPH)
Bottom of the 2nd over - 0 runs, 0 hits, 0 errors, 0 left on base; Modesto 0 - Stockton 0
TOP OF THE 3RD
Modesto Nuts batting - Pitching for Stockton Ports : RHP Dan Rohrbach
Batting: SHB Craig Ruzic 0-0: Called Strike
0-1: Ball
1-1: Swinging Strike
1-2: Strikes out swinging
Batting: LHB Nick Martin 0-0: Swinging Strike
0-1: Ball
1-1: Ball
2-1: Ball
3-1: Bunted foul
3-2: Foul Ball, location: 2F
3-2: Foul Ball, location: 2F
3-2: Foul Ball, location: 2F
3-2: Strikes out swinging
Batting: RHB Bob Hayes 0-0: Fly out, F7 (Flyball, 7D, EV 100.0 MPH)
Top of the 3rd over - 0 runs, 0 hits, 0 errors, 0 left on base; Modesto 0 - Stockton 0
BOTTOM OF THE 3RD
Stockton Ports batting - Pitching for Modesto Nuts : RHP Logan Ramsey
Batting: RHB Manny Moron 0-0: Ground out 3-1 (Groundball, 34S, EV 90.6 MPH)
Batting: RHB Travis Robinson 0-0: Ball
1-0: Ball
2-0: Ball
3-0: Called Strike
3-1: Foul Ball, location: 2F
3-2: Base on Balls
Batting: RHB Matt Sherard 0-0: Ball
1-0: Foul Ball, location: 2F
1-1: Ball
2-1: Called Strike
2-2: Ball
3-2: Base on Balls
Travis Robinson to second
Batting: LHB Tomas Segarra 0-0: Ball
1-0: Ball
2-0: Ball
3-0: Base on Balls
Travis Robinson to third
Matt Sherard to second
Batting: RHB Scott Wiggs 0-0: Ball
1-0: Ball
2-0: Called Strike
2-1: Ball
Wild Pitch!
Travis Robinson scores
Matt Sherard to third
Tomas Segarra to second
3-1: Base on Balls
Batting: LHB Gregg Power 0-0: SINGLE (Groundball, 4MD, EV 105.0 MPH)
Matt Sherard scores
Tomas Segarra to third
Scott Wiggs to second
Runner from 3rd tries for Home, SAFE, throw by CF to home
Batting: LHB Ed Talamantes 0-0: Fly out, F5 (Popup, 5, EV 60.0 MPH)
Batting: RHB Tetsuya Shinoda 0-0: Foul Ball, location: 2F
0-1: Swinging Strike
0-2: Ball
1-2: Ball
Passed Ball!
Scott Wiggs to third
Gregg Power to second
2-2: Ball
3-2: Foul Ball, location: 2F
3-2: Base on Balls
Batting: LHB Felipe Gomez 0-0: Called Strike
0-1: Ball
1-1: Foul Ball, location: 2F
1-2: Fly out, F7 (Flyball, 78M, EV 72.5 MPH)
Bottom of the 3rd over - 3 runs, 1 hit, 0 errors, 3 left on base; Modesto 0 - Stockton 3
TOP OF THE 4TH
Modesto Nuts batting - Pitching for Stockton Ports : RHP Dan Rohrbach
Batting: LHB Daniel Green 0-0: Ball
1-0: Fly out, F6 (Line Drive, 56, EV 64.4 MPH)
Batting: RHB Mike McElroy 0-0: Ball
1-0: Foul Ball, location: 2F
1-1: Swinging Strike
1-2: Strikes out swinging
Batting: LHB Nick Rooney 0-0: Called Strike
0-1: Ball
1-1: Foul Ball, location: 2F
1-2: Ball
2-2: Strikes out swinging
Top of the 4th over - 0 runs, 0 hits, 0 errors, 0 left on base; Modesto 0 - Stockton 3
BOTTOM OF THE 4TH
Stockton Ports batting - Pitching for Modesto Nuts : RHP Logan Ramsey
Batting: RHB Manny Moron 0-0: SOLO HOME RUN (Flyball, 7LD, EV 93.1 MPH), Distance : 346 ft
Batting: RHB Travis Robinson 0-0: Foul Ball, location: 2F
0-1: Ball
1-1: Fly out, F4 (Popup, 4M, EV 54.4 MPH)
Batting: RHB Matt Sherard 0-0: Ball
1-0: Ground out 6-3 (Groundball, 56, EV 82.5 MPH)
Batting: LHB Tomas Segarra 0-0: SINGLE (Groundball, 34D, EV 106.9 MPH)
Batting: RHB Scott Wiggs 0-0: Ball
1-0: Foul Ball, location: 2F
1-1: Ball
2-1: SINGLE (Line Drive, 56, EV 95.0 MPH)
Tomas Segarra to second
Runner from 2nd tries for 3rd, SAFE, throw by LF made to third
Batting: LHB Gregg Power 0-0: Ground out U3 (Groundball, 3L, EV 100.6 MPH)
Bottom of the 4th over - 1 run, 3 hits, 0 errors, 2 left on base; Modesto 0 - Stockton 4
TOP OF THE 5TH
Modesto Nuts batting - Pitching for Stockton Ports : RHP Dan Rohrbach
Batting: LHB Paul McClintock 0-0: Called Strike
0-1: Ball
1-1: Foul Ball, location: 2F
1-2: Strikes out swinging
Batting: RHB Seisaburo Edagawa 0-0: Foul Ball, location: 2F
0-1: Foul Ball, location: 2F
0-2: Strikes out looking
Batting: LHB Mick Tucker 0-0: Foul Ball, location: 2F
0-1: Ball
1-1: Foul Ball, location: 2F
1-2: Ball
2-2: Foul Ball, location: 2F
2-2: Foul Ball, location: 2F
2-2: Foul Ball, location: 2F
2-2: Strikes out swinging, 2-3 out at first.
Top of the 5th over - 0 runs, 0 hits, 0 errors, 0 left on base; Modesto 0 - Stockton 4
BOTTOM OF THE 5TH
Stockton Ports batting - Pitching for Modesto Nuts : RHP Logan Ramsey
Batting: LHB Ed Talamantes 0-0: Ball
1-0: Fly out, F8 (Flyball, 8RM, EV 90.0 MPH)
Batting: RHB Tetsuya Shinoda 0-0: Ball
1-0: Ground out 5-3 (Groundball, 56S, EV 68.8 MPH)
Batting: LHB Felipe Gomez 0-0: Called Strike
0-1: Foul Ball, location: 2F
0-2: SOLO HOME RUN (Flyball, 7D, EV 93.8 MPH), Distance : 367 ft
Pitching: RHP Manny Lebron
Batting: RHB Manny Moron 0-0: Ball
1-0: Foul Ball, location: 2F
1-1: Ground out 6-3 (Groundball, 6, EV 88.1 MPH)
Bottom of the 5th over - 1 run, 1 hit, 0 errors, 0 left on base; Modesto 0 - Stockton 5
TOP OF THE 6TH
Modesto Nuts batting - Pitching for Stockton Ports : RHP Dan Rohrbach
Batting: SHB Craig Ruzic 0-0: Ball
1-0: Ground out 1-3 (Groundball, 13, EV 65.6 MPH)
Batting: LHB Nick Martin 0-0: Foul Ball, location: 2F
0-1: Called Strike
0-2: Ball
1-2: Ball
2-2: Ball
3-2: Foul Ball, location: 2F
3-2: Ground out 6-3 (Groundball, 6M, EV 83.1 MPH)
Batting: RHB Bob Hayes 0-0: Ball
1-0: Foul Ball, location: 2F
1-1: Fly out, F3 (Line Drive, 3L, EV 63.1 MPH)
Top of the 6th over - 0 runs, 0 hits, 0 errors, 0 left on base; Modesto 0 - Stockton 5
BOTTOM OF THE 6TH
Stockton Ports batting - Pitching for Modesto Nuts : RHP Manny Lebron
Batting: RHB Travis Robinson 0-0: Ball
1-0: Swinging Strike
1-1: Ball
2-1: Called Strike
2-2: Strikes out looking
Batting: RHB Matt Sherard 0-0: Called Strike
0-1: Ball
1-1: Fly out, F8 (Flyball, 8RXD, EV 100.0 MPH)
Batting: LHB Tomas Segarra 0-0: Foul Ball, location: 2F
0-1: Swinging Strike
0-2: Ball
1-2: Foul Ball, location: 2F
1-2: Ball
2-2: DOUBLE (Line Drive, 7LM, EV 103.1 MPH)
Batting: RHB Scott Wiggs 0-0: Ball
1-0: Called Strike
1-1: Foul Ball, location: 2F
1-2: SINGLE (Flyball, 8LS, EV 101.2 MPH)
Tomas Segarra to third
Runner from 3rd tries for Home, throw by CF and OUT! 8-2
Bottom of the 6th over - 0 runs, 2 hits, 0 errors, 1 left on base; Modesto 0 - Stockton 5
TOP OF THE 7TH
Modesto Nuts batting - Pitching for Stockton Ports : RHP Dan Rohrbach
Batting: LHB Daniel Green 0-0: Called Strike
0-1: Foul Ball, location: 2F
0-2: Strikes out swinging
Batting: RHB Mike McElroy 0-0: Foul Ball, location: 2F
0-1: Swinging Strike
0-2: Ball
1-2: Strikes out swinging
Batting: LHB Nick Rooney 0-0: Ball
1-0: Ball
2-0: Called Strike
2-1: Ground out 6-3 (Groundball, 6, EV 96.9 MPH)
Top of the 7th over - 0 runs, 0 hits, 0 errors, 0 left on base; Modesto 0 - Stockton 5
BOTTOM OF THE 7TH
Stockton Ports batting - Pitching for Modesto Nuts : RHP Manny Lebron
Batting: LHB Gregg Power 0-0: Ball
1-0: Called Strike
1-1: Foul Ball, location: 2F
1-2: Ball
2-2: SINGLE (Line Drive, 4D, EV 109.4 MPH)
Pitching: RHP Jerry Dunne
Batting: LHB Ed Talamantes 0-0: Ball
Wild Pitch!
Gregg Power to second
1-0: Ground out 6-3 (Groundball, 6, EV 85.6 MPH)
Batting: RHB Tetsuya Shinoda 0-0: Called Strike
0-1: Ball
1-1: Called Strike
1-2: DOUBLE (Flyball, 8RXD, EV 91.2 MPH)
Gregg Power scores
Batting: LHB Felipe Gomez 0-0: Ball
1-0: 2-RUN HOME RUN (Flyball, 7LD, EV 89.4 MPH), Distance : 331 ft
Batting: RHB Manny Moron 0-0: Swinging Strike
0-1: Foul Ball, location: 2F
0-2: Ball
1-2: Ball
2-2: Ball
3-2: Base on Balls
Batting: RHB Travis Robinson 0-0: Ball
Passed Ball!
Manny Moron to second
1-0: Ball
2-0: Fly out, F8 (Flyball, 8RXD, EV 103.8 MPH)
Runner from 2nd tags up, SAFE at 3rd, no throw by CF
Batting: RHB Matt Sherard 0-0: Ball
1-0: TRIPLE (Flyball, 89XD, EV 102.5 MPH)
Manny Moron scores
Batting: LHB Tomas Segarra 0-0: Ball
1-0: Fly out, F9 (Flyball, 89D, EV 106.9 MPH)
Bottom of the 7th over - 4 runs, 4 hits, 0 errors, 1 left on base; Modesto 0 - Stockton 9
TOP OF THE 8TH
Modesto Nuts batting - Pitching for Stockton Ports : RHP Dan Rohrbach
Pinch Hitting: RHB Brent Montagano 0-0: Ball
1-0: Ball
2-0: Ball
3-0: Called Strike
3-1: Base on Balls
Batting: RHB Seisaburo Edagawa 0-0: Called Strike
0-1: Called Strike
0-2: Grounds into double play, 5-4-3 (Groundball, 56S, EV 83.8 MPH)
Batting: LHB Mick Tucker 0-0: Called Strike
0-1: Ball
1-1: Foul Ball, location: 2F
1-2: Strikes out swinging
Top of the 8th over - 0 runs, 0 hits, 0 errors, 0 left on base; Modesto 0 - Stockton 9
BOTTOM OF THE 8TH
Stockton Ports batting - Pitching for Modesto Nuts : RHP Jerry Dunne
Now at 2B: Mike McElroy
Now at 3B: Brent Montagano
Now in RF: Daniel Green
Batting: RHB Scott Wiggs 0-0: Called Strike
0-1: Foul Ball, location: 2F
0-2: Ball
1-2: Ball
2-2: Fly out, F3 (Popup, 3L, EV 62.5 MPH)
Batting: LHB Gregg Power 0-0: Called Strike
0-1: Ball
1-1: SINGLE (Line Drive, 78M, EV 89.4 MPH)
Pitching: RHP Zi-cheng Zhou
Batting: LHB Ed Talamantes 0-0: Ball
1-0: Foul Ball, location: 2F
1-1: Ball
2-1: Swinging Strike
Passed Ball!
Gregg Power to second
2-2: Ball
3-2: Fly out, F9 (Flyball, 9D, EV 91.2 MPH)
Batting: RHB Tetsuya Shinoda 0-0: Ball
1-0: Ball
Passed Ball!
Gregg Power to third
2-0: Ground out 5-3 (Groundball, 56, EV 88.8 MPH)
Bottom of the 8th over - 0 runs, 1 hit, 0 errors, 1 left on base; Modesto 0 - Stockton 9
TOP OF THE 9TH
Modesto Nuts batting - Pitching for Stockton Ports : RHP Dan Rohrbach
Batting: SHB Craig Ruzic 0-0: Foul Ball, location: 2F
0-1: Foul Ball, location: 2F
0-2: Foul Ball, location: 2F
0-2: Strikes out swinging
Batting: LHB Nick Martin 0-0: Foul Ball, location: 2F
0-1: Foul Ball, location: 2F
0-2: Foul Ball, location: 2F
0-2: Ball
1-2: Ball
2-2: Strikes out swinging
Batting: RHB Bob Hayes 0-0: Ball
1-0: Called Strike
1-1: Ball
2-1: Foul Ball, location: 2F
2-2: Foul Ball, location: 2F
2-2: TRIPLE (Line Drive, 89XD, EV 105.0 MPH)
Pitching: RHP Charlie Shook
Batting: LHB Daniel Green 0-0: Foul Ball, location: 2F
0-1: Ground out 4-3 (Groundball, 4, EV 83.8 MPH)
Top of the 9th over - 0 runs, 1 hit, 0 errors, 1 left on base; Modesto 0 - Stockton 9
Tuesday, September 13th , 2022 - OOTP Baseball 23.7 Build 88